 Dungeon Crawl Stone Soup version 0.28-a0-828-g0121872642 (webtiles) character file.

Game seed: 11041040051037656861

22 cheechan the Bolt Thrower (level 2, -1/19 HPs)
             Began as an Octopode Hunter on Nov 10, 2021.
             Slain by Terence (9 damage)
             ... on level 2 of the Dungeon.
             The game lasted 00:06:34 (1353 turns).

cheechan the Bolt Thrower (Octopode Hunter)         Turns: 1353, Time: 00:06:35

Health: -1/19      AC:  1    Str: 11    XL:     2   Next: 91%
Magic:  2/2        EV: 12    Int: 13    God:
Gold:   48         SH:  3    Dex: 12    Spells: 1/1 levels left

rFire   x . .      SeeInvis .   a - +1 hand crossbow
rCold   + . .      Faith    .   i - +0 buckler
rNeg    . . .      Spirit   .   (helmet restricted)
rPois   .          Reflect  .   (no amulet)
rElec   .          Harm     .   e - ring of ice
rCorr   .          Rampage  .   (no ring)
Will    .....                   (no ring)
Stlth   +++.......              (no ring)
HPRegen 0.06/turn               (no ring)
MPRegen 0.08/turn               (no ring)
                                (no ring)
                                (no ring)

@: no status effects
A: almost no armour, amphibious, 8 rings, camouflage 1, gelatinous body 1,
(nimble swimmer 1), tentacles
a: no special abilities


You were on level 2 of the Dungeon.
You visited 1 branch of the dungeon, and saw 2 of its levels.

You collected 48 gold pieces.

Inventory:

Hand Weapons
 a - a +1 hand crossbow (weapon)
 f - a +0 hand axe
Missiles
 b - 13 poisoned darts (quivered)
 c - 43 bolts (quivered ammo)
Armour
 i - a +0 buckler (worn)
Jewellery
 e - a ring of ice (left tentacle)
Potions
 d - 3 potions of curing
 g - a potion of brilliance
 h - a potion of lignification


   Skills:
 + Level 2.0 Fighting
 + Level 4.7 Crossbows
 + Level 2.0 Dodging
 + Level 1.3 Stealth


You had one spell level left.
You didn't know any spells.
Your spell library contained the following spells:

 Spells                   Type           Power      Damage    Failure   Level
 Ignite Poison            Fire/Tmut/Pois 0%         N/A       83%         3
 Mephitic Cloud           Conj/Pois/Air  0%         N/A       83%         3
 Freezing Cloud           Conj/Ice/Air   0%         6-21      100%        5


Dungeon Overview and Level Annotations

Branches:
Dungeon (2/15)

Altars:

Annotations:
D:2 Terence


Innate Abilities, Weirdness & Mutations

You cannot wear most types of armour.
You are amphibious.
You can wear up to eight rings at the same time.
Your skin changes colour to match your surroundings (Stealth+).
Your rubbery body absorbs attacks. (AC +1, EV +1)
((You are camouflaged near water. (Stealth+)))
You have tentacles for arms and can constrict up to eight enemies at once.


Message History

Fire: 46 bolts
Press: ? - help, Shift-Dir - straight line, f/p - Terence
Aim: Terence, wielding a +2 trident of freezing and wearing a +0 scale mail (lightly wounded, 69% to hit)
You shoot a bolt. The bolt closely misses Terence.
Unknown command.
Okay, then.
Fire: 45 bolts
Press: ? - help, Shift-Dir - straight line, f/p - Terence
Aim: Terence, wielding a +2 trident of freezing and wearing a +0 scale mail (lightly wounded, 69% to hit)
You shoot a bolt. The bolt hits Terence!
Terence is heavily wounded.
Terence misses you. Terence barely misses you.
Fire: 44 bolts
Press: ? - help, Shift-Dir - straight line, f/p - Terence
Aim: Terence, wielding a +2 trident of freezing and wearing a +0 scale mail (heavily wounded, 69% to hit)
You shoot a bolt. The bolt hits Terence.
Terence is severely wounded.
Terence hits you from afar with a +2 trident of freezing!
* * * LOW HITPOINT WARNING * * *
Terence freezes you.
* * * LOW HITPOINT WARNING * * *
You see here a poisoned dart.
You see here a poisoned dart.
You see here 2 bolts.
Terence screams, "I'm going to kill you!"
Terence says, "Did you write a will?
You should..."
You see here 17 stones.
Terence asks, "Do you want it fast or slow?"
There is a stone staircase leading up here.
Terence barely misses you.
You climb upwards.
There is a stone staircase leading down here.
You start resting.
HP restored.
You climb downwards.
Level annotation: Terence Terence hits you from afar with a +2 trident of freezing!
Terence freezes you.
Terence hits you from afar with a +2 trident of freezing!
You die...

#.....# ##.#
#....†# #.#
#.....# #.#
#.....## #.#
#......#### #.#
#.........###.#
#########..##.##
##.##K@#
#..@#.####
##.......#
#[......#
#.......#
#.......#
#.......#
#########


You could see Terence and a kobold.

Vanquished Creatures
  A dart slug (D:1)
  An endoplasm (D:1)
  2 giant cockroaches (D:1)
  2 goblins (D:1)
  2 hobgoblins
  A quokka (D:1)
  2 ball pythons (D:1)
  4 bats
  A frilled lizard (D:2)
  2 kobolds
  2 rats (D:1)
20 creatures vanquished.

Notes
Turn   | Place    | Note
-------+----------+-------------------------------------------
     0 | D:1      | cheechan the Octopode Hunter began the quest for the Orb.
     0 | D:1      | Reached XP level 1. HP: 14/14 MP: 1/1
   248 | D:1      | Reached XP level 2. HP: 16/19 MP: 2/2
   310 | D:1      | Found a faded altar of an unknown god.
  1033 | D:2      | Noticed Terence
  1353 | D:2      | Slain by Terence

Illustrated notes

Levels and vault maps discovered:
D:1:      dpeg_arrival_solitude, layout_basic, chequers_ecumenical_altar_island,
          amcnicky_mini_corridor_feature, ebering_dispersal_statue_hall,
          chequers_serial_rivers_micro_d, hangedman_abyss_or_decor_lesser_grid
D:2:      layout_rooms, uniq_terence

Action                   || total
-------------------------++-------
 Fire: Hand crossbow     ||    34
Throw: Dart              ||     4
  Use: Scroll            ||     6
Dodge: Dodged            ||    12

Table legend: (Time is in decaauts)
 A = Elapsed time spent in this place.
 B = Non-inter-level travel time spent in this place.
 C = Inter-level travel time spent in this place.
 D = Time resting spent in this place.
 E = Time spent auto-exploring this place.
 F = Levels seen in this place.
 G = Mean time per level.
                   A        B        C        D        E       F      G
               +--------+--------+--------+--------+--------+-----+--------+
         Total |   1362 |   1362 |      0 |    184 |      0 |   2 |  681.0 |
       Dungeon |   1362 |   1362 |      0 |    184 |      0 |   2 |  681.0 |
               +--------+--------+--------+--------+--------+-----+--------+

Top non-repeatable levels by time:
     D:1: 1086 daAuts
     D:2: 276 daAuts
